 Dungeon Crawl Stone Soup version 0.29.1-14-g9c671dbff4 (webtiles) character file.

Game seed: 18298075953694793850

7 Maelyn the Vexing (level 2, -1/16 HPs)
             Began as a Kobold Arcane Marksman on Feb 17, 2023.
             Slain by a jackal (2 damage)
             ... on level 1 of the Dungeon.
             The game lasted 00:01:46 (421 turns).

Maelyn the Vexing (Kobold Arcane Marksman)           Turns: 421, Time: 00:01:47

Health: -1/16      AC:  3    Str:  7    XL:     2   Next: 5%
Magic:  3/3        EV: 14    Int: 14    God:
Gold:   24         SH:  0    Dex: 15    Spells: 2/3 levels left

rFire   . . .      SeeInvis .   d - +0 dagger
rCold   . . .      Faith    .   (no shield)
rNeg    . . .      Spirit   .   f - +0 leather armour
rPois   .          Reflect  .   (no helmet)
rElec   .          Harm     .   (no cloak)
rCorr   .          Rampage  .   (no gloves)
Will    .....                   (no boots)
Stlth   ++........              (no amulet)
HPRegen 0.05/turn               (no ring)
MPRegen 0.08/turn               (no ring)

@: no status effects
A: small, no large weapons, nightstalker 3
a: no special abilities


You were on level 1 of the Dungeon.
You visited 1 branch of the dungeon, and saw 1 of its levels.

You collected 24 gold pieces.

Inventory:

Hand Weapons
 a - a +1 sling
 d - a +0 dagger (weapon)
Armour
 c - a +0 robe
 f - a +0 leather armour (worn)
Scrolls
 b - a scroll of poison
 e - a scroll of teleportation {unknown}


   Skills:
 + Level 1.3 Fighting
 + Level 2.9 Ranged Weapons
 + Level 2.6 Dodging
 + Level 1.3 Spellcasting
 + Level 3.1 Hexes


You had 2 spell levels left.
You knew the following spells:

 Your Spells              Type           Power      Damage    Failure   Level
a - Slow                  Hex            36%        N/A       11%         1

Your spell library contained the following spells:

 Spells                   Type           Power      Damage    Failure   Level
 Static Discharge         Conj/Air       0%         3-3/arc   52%         2
 Inner Flame              Hex/Fire       5%         N/A       52%         3
 Portal Projectile        Hex/Tloc       10%        N/A       52%         3
 Cause Fear               Hex            4%         N/A       71%         4
 Dispel Undead            Necr           0%         3d6       98%         4
 Sticky Flame             Conj/Fire      0%         2d3       98%         4


Dungeon Overview and Level Annotations

Branches:
Dungeon (1/15)

Altars:


Innate Abilities, Weirdness & Mutations

You are small and have problems with some larger weapons.
You are completely attuned to the shadows.


Message History

You hit the jackal.
You kill the jackal!
The jackal bites you but does no damage.
The jackal closely misses you.
You have reached level 2!
You hit the jackal but do no damage.
The jackal bites you but does no damage.
The jackal barely misses you.
You closely miss the jackal. The jackal closely misses you.
The jackal barely misses you.
A frilled lizard comes into view.
The jackal closely misses you. The jackal barely misses you.
You hit the jackal.
The jackal is moderately wounded.
The jackal misses you.
The jackal bites you but does no damage.
You closely miss the jackal.
The jackal is moderately wounded.
The jackal bites you. x2
You barely miss the jackal.
The jackal is moderately wounded.
The jackal misses you. The jackal bites you. x3
* * * LOW HITPOINT WARNING * * *
The jackal bites you but does no damage.
There is a stone staircase leading down here.
The jackal attacks as you move away! The jackal closely misses you. x2
The jackal completely misses you.
You see here a frilled lizard corpse.
The jackal attacks as you move away! The jackal misses you.
The jackal misses you. The jackal closely misses you.
The jackal barely misses you. The jackal attacks as you move away!
The jackal bites you.
* * * LOW HITPOINT WARNING * * *
The jackal attacks as you move away! The jackal closely misses you.
The jackal attacks as you move away! The jackal bites you.
* * * LOW HITPOINT WARNING * * *
The jackal attacks as you move away! The jackal closely misses you.
The jackal attacks as you move away! The jackal misses you.
The jackal barely misses you. The jackal bites you.
You die...

# ##########################.
######.........@h..l...†....>..†
#....#.######...h......#####.##.
#....#.# #..........# #.# .
##......# #...........# #.# .
.....#### #...........# #.# .
###..# #+##


You could see 2 jackals and a frilled lizard.

Vanquished Creatures
  An endoplasm (D:1)
  A goblin (D:1)
  A jackal (D:1)
  2 frilled lizards (D:1)
  A kobold (D:1)
  A rat (D:1)
7 creatures vanquished.

Notes
Turn   | Place    | Note
-------+----------+-------------------------------------------
     0 | D:1      | Maelyn the Kobold Arcane Marksman began the quest for the
                  | Orb.
     0 | D:1      | Reached XP level 1. HP: 12/12 MP: 2/2
   402 | D:1      | Reached XP level 2. HP: 12/16 MP: 3/3
   421 | D:1      | Slain by a jackal

Illustrated notes

Levels and vault maps discovered:
D:1:      lightli_arrival_quake, layout_basic,
          chequers_ecumenical_altar_simple_redux, dk_noncrumbling_4,
          roderic_malta_cross, hangedman_glass_teeth

Action                   || total
-------------------------++-------
Melee: Dagger            ||    28
       Sling             ||     1
 Fire: Sling             ||     2
 Cast: Slow              ||     2
Armor: Leather armour    ||     5
Dodge: Dodged            ||    37
